 Dungeon Crawl Stone Soup version 0.29-a0-561-ga02bf68b3c (webtiles) character file.

Game seed: 7214368056312422439

7740 27snakeeyes612 the Covert (level 11, -11/103 HPs)
             Began as a Naga Fighter on June 11, 2022.
             Was a Believer of Makhleb.
             Mangled by a ten-headed hydra (12 damage)
             ... on level 11 of the Dungeon.
             The game lasted 00:08:41 (12123 turns).

27snakeeyes612 the Covert (Naga Fighter)           Turns: 12123, Time: 00:08:42

Health: -11/103    AC: 20    Str: 20    XL:     11   Next: 20%
Magic:  11/11      EV:  6    Int: 11    God:    Makhleb [**....]
Gold:   1529       SH: 10    Dex: 11    Spells: 10/10 levels left

rFire   + . .      SeeInvis +   A - +1 morningstar
rCold   x . .      Faith    .   c - +0 buckler
rNeg    + . .      Spirit   .   i - +1 plate armour
rPois   +          Reflect  +   y - +1 helmet
rElec   .          Harm     .   (no cloak)
rCorr   .          Rampage  .   (no gloves)
Will    ++...                   g - +0 barding of the Ageless Lies {rN+ Will+ Str-3 Int+3}
Stlth   ..........              E - amulet of reflection
HPRegen 0.27/turn               t - +4 ring of evasion
MPRegen 0.12/turn               u - ring of fire

@: very slow
A: AC +3, large, see invisible, deformed body, poison resistance, slowness 2,
spit poison 1, naga tail 1
a: Spit Poison, Renounce Religion, Minor Destruction


You were on level 11 of the Dungeon.
You worshipped Makhleb.
Makhleb was pleased with you.
You visited 2 branches of the dungeon, and saw 12 of its levels.

You collected 1529 gold pieces.

Inventory:

Hand Weapons
 a - a +0 flail
 f - a +1 whip of pain
 z - the +10 broad axe "Pamap" {freeze, *Corrode rF+ rC+ Str+4}
   (You found it on level 3 of the Dungeon)

   It freezes those it strikes, dealing additional cold damage.
   It can also slow down cold-blooded creatures.
   Str:       It affects your strength (+4).
   rF:        It protects you from fire.
   rC:        It protects you from cold.
   *Corrode:  It may corrode you when you take damage.
 A - a +1 morningstar (weapon)
Armour
 b - a +0 scale mail
 c - a +0 buckler (worn)
 g - the +0 barding of the Ageless Lies (worn) {rN+ Will+ Str-3 Int+3}
   (You acquired it on level 2 of the Dungeon)

   Str:       It affects your strength (-3).
   Int:       It affects your intelligence (+3).
   rN:        It protects you from negative energy.
   Will:      It increases your willpower.
 i - a +1 plate armour (worn)
 y - a +1 helmet (worn)
Jewellery
 t - a +4 ring of evasion (left hand)
 u - a ring of fire (right hand)
 D - a ring of resist corrosion
 E - an amulet of reflection (around neck)
 H - the ring "Rucusomo" {rN+ Will- Dex+3}
   (You found it on level 7 of the Dungeon)

   [ring of positive energy]

   Dex:       It affects your dexterity (+3).
   rN:        It protects you from negative energy.
   Will:      It decreases your willpower.
Scrolls
 h - 4 scrolls of identify
 j - 7 scrolls of teleportation
 m - a scroll of amnesia
 o - 2 scrolls of vulnerability
 s - 5 scrolls of poison
 v - a scroll of fog
 w - 2 scrolls of enchant weapon
 G - a scroll of magic mapping
Potions
 d - 2 potions of might
 e - a potion of degeneration
 k - 3 potions of haste
 l - a potion of curing
 n - a potion of invisibility
 p - 2 potions of flight
 q - a potion of mutation
 r - a potion of berserk rage
 x - 3 potions of ambrosia
 B - a potion of heal wounds
 C - a potion of lignification


   Skills:
 + Level 8.2 Fighting
 + Level 6.0(6.8) Axes
 - Level 4.8(6.2) Maces & Flails
 + Level 6.9 Armour
 + Level 11.6 Stealth
 + Level 7.5 Shields


You had 10 spell levels left.
You didn't know any spells.
Your spell library contained the following spells:

 Spells                   Type           Power      Damage    Failure   Level
 Poisonous Vapours        Pois/Air       0%         N/A       100%        2
 Gell's Gravitas          Tloc           0%         N/A       100%        3
 Teleport Other           Tloc           0%         N/A       100%        3
 Tukima's Dance           Hex            0%         N/A       100%        3
 Corpse Rot               Necr/Pois/Air  0%         N/A       100%        4
 Passage of Golubria      Tloc           0%         N/A       100%        4
 Yara's Violent Unravell  Hex/Tmut       0%         3d3       100%        5
 Dispersal                Tloc           0%         N/A       100%        6


Dungeon Overview and Level Annotations

Branches:
Dungeon (11/15)            Temple (1/1) D:6            Lair (0/6) D:11
    Orc: D:9-12

Altars:
Cheibriados
Elyvilon
Gozag
Hepliaklqana
Makhleb
Nemelex Xobeh
Okawaru
Ru
Xom
Yredelemnul
The Shining One

Shops:
D:4 [   D:7 (

Annotations:
D:7 2 transporters, blade888's ghost, novice GnFE


Innate Abilities, Weirdness & Mutations

Your serpentine skin is tough. (AC +3)
You have supernaturally acute eyesight. (SInv)
Armour fits poorly on your strangely shaped body.
Your system is resistant to poisons. (rPois)
You cover ground very slowly.
You can spit poison.
You have a snake-like lower body.


Message History

You have got your breath back.
You block the ten-headed hydra's attack.
The ten-headed hydra completely misses you.
You block the ten-headed hydra's attack.
The ten-headed hydra bites you.
You block the ten-headed hydra's attack.
The ten-headed hydra bites you but does no damage. x3
The ten-headed hydra completely misses you. x2
You hit the ten-headed hydra.
The ten-headed hydra is moderately wounded.
The ten-headed hydra bites you but does no damage.
The ten-headed hydra barely misses you.
The ten-headed hydra bites you but does no damage.
The ten-headed hydra bites you! The ten-headed hydra bites you.
* * * LOW HITPOINT WARNING * * *
The ten-headed hydra bites you but does no damage.
The ten-headed hydra bites you.
* * * LOW HITPOINT WARNING * * *
The ten-headed hydra bites you.
* * * LOW HITPOINT WARNING * * *
You block the ten-headed hydra's attack.
The ten-headed hydra barely misses you.
You sock the ten-headed hydra!
The ten-headed hydra is heavily wounded.
The ten-headed hydra bites you but does no damage.
The ten-headed hydra bites you.
* * * LOW HITPOINT WARNING * * *
You block the ten-headed hydra's attack. x2
The ten-headed hydra bites you.
* * * LOW HITPOINT WARNING * * *
The ten-headed hydra bites you but does no damage.
The ten-headed hydra bites you.
* * * LOW HITPOINT WARNING * * *
The ten-headed hydra barely misses you.
You block the ten-headed hydra's attack.
The ten-headed hydra bites you!
* * * LOW HITPOINT WARNING * * *
You block the ten-headed hydra's attack.
The ten-headed hydra bites you!
You die...

###################
...#.....##.#....#
##..##.....##..#..#.
##.#.........<......#
#..<.................
#.#.#@.............###
#.#.D.......#....##
...........[...#...##
..............>.####
.................#
.(#.....##.......##
..#.##.. #........##
... ..##.##....ยง..#
.# #.. #...##$..)#..#


You could see a ten-headed hydra.

Vanquished Creatures
  2 kobold demonologists (D:11)
  2 unseen horrors
  3 trolls
  8 yaks (D:10)
  2 wraiths
  A vampire (D:10)
  A shadow (D:9)
  A wyvern (D:7)
  2 vampire mosquitoes (D:10)
  A steam dragon (D:7)
  An acid dragon (D:9)
  A water moccasin (D:7)
  3 orc warriors
  An ice beast (D:5)
  A sky beast (D:7)
  An ogre (D:4)
  A black bear (D:4)
  5 centaurs
  4 phantoms
  4 kobold brigands
  Blork the orc (D:4)
  A bullfrog (D:7)
  A necrophage (D:6)
  4 scorpions
  9 wights
  A killer bee (D:9)
  3 howler monkeys
  A gnoll shaman (D:3)
  3 hounds
  5 orc priests
  2 iguanas
  11 orc wizards
  9 gnolls
  9 adders
  A shadow imp (D:7)
  3 white imps
  5 worms
  6 dart slugs
  29 orcs
  8 ball pythons
  10 endoplasms
  3 giant cockroaches
  10 goblins
  9 hobgoblins
  31 kobolds
  4 quokkas
  12 bats
  5 frilled lizards
  5 rats
246 creatures vanquished.

Notes
Turn   | Place    | Note
-------+----------+-------------------------------------------
     0 | D:1      | 27snakeeyes612 the Naga Fighter began the quest for the
                  | Orb.
     0 | D:1      | Reached XP level 1. HP: 21/21 MP: 1/1
   109 | D:1      | Reached XP level 2. HP: 19/28 MP: 2/2
   262 | D:1      | Reached skill level 1 in Stealth
   481 | D:1      | Reached XP level 3. HP: 28/34 MP: 3/3
   629 | D:1      | Found a faded altar of an unknown god.
  1148 | D:2      | Identified a scroll of acquirement
  1148 | D:2      | Acquired the +0 barding of the Ageless Lies {rN+ Will+
                  | Str-3 Int+3}
  1448 | D:2      | Reached skill level 2 in Stealth
  1451 | D:2      | Reached XP level 4. HP: 29/42 MP: 4/4
  2133 | D:3      | Found a hazy altar of Hepliaklqana.
  2371 | D:3      | Found a sacrificial altar of Ru.
  2649 | D:3      | Reached XP level 5. HP: 28/49 MP: 5/5
  3040 | D:3      | Reached skill level 3 in Stealth
  3056 | D:3      | Reached XP level 6. HP: 25/57 MP: 6/6
  3248 | D:3      | Found a shimmering altar of Xom.
  3248 | D:3      | Found a shimmering altar of Xom.
  3250 | D:3      | Found a shimmering altar of Xom.
  3260 | D:3      | Identified the +10 broad axe "Pamap" {freeze, *Corrode rF+
                  | rC+ Str+4}
  3634 | D:4      | Noticed Blork the orc
  3641 | D:4      | Killed Blork the orc
  3642 | D:4      | Reached skill level 4 in Stealth
  3734 | D:4      | Found Pokhlaor's Antique Armour Shop.
  3855 | D:4      | Noticed a black bear
  3864 | D:4      | Killed a black bear
  3865 | D:4      | Reached XP level 7. HP: 49/64 MP: 7/7
  4371 | D:4      | Reached skill level 5 in Stealth
  4799 | D:5      | Entered Level 5 of the Dungeon
  5031 | D:4      | Reached XP level 8. HP: 22/73 MP: 8/8
  5271 | D:5      | Reached skill level 5 in Fighting
  5271 | D:5      | Reached skill level 6 in Stealth
  6105 | D:6      | Found a white marble altar of Elyvilon.
  6144 | D:6      | Reached skill level 5 in Shields
  6300 | D:6      | Reached skill level 1 in Axes
  6300 | D:6      | Reached skill level 7 in Stealth
  6412 | D:6      | Found a staircase to the Ecumenical Temple.
  6481 | Temple   | Entered the Ecumenical Temple
  6504 | Temple   | Became a worshipper of Makhleb the Destroyer
  6610 | D:6      | Reached XP level 9. HP: 74/82 MP: 9/9
  7001 | D:7      | Reached skill level 5 in Armour
  7001 | D:7      | Found a basalt altar of Yredelemnul.
  7006 | D:7      | Found a snail-covered altar of Cheibriados.
  7020 | D:7      | Reached skill level 8 in Stealth
  7028 | D:7      | Found Meday's Antique Weapon Shoppe.
  7139 | D:7      | Identified the ring "Rucusomo" {rN+ Will- Dex+3}
  7258 | D:7      | Found a transporter.
  7272 | D:7      | Found a transporter.
  7276 | D:7      | Noticed blade888's ghost (novice GnFE)
  8355 | D:8      | Acquired 1023 gold pieces
  8403 | D:8      | Reached * piety under Makhleb
  8462 | D:8      | Reached skill level 9 in Stealth
  8728 | D:8      | Reached XP level 10. HP: 88/92 MP: 10/10
  8932 | D:8      | Found a glowing golden altar of the Shining One.
  9257 | D:9      | Reached ** piety under Makhleb
 10002 | D:9      | Reached skill level 10 in Stealth
 10155 | D:9      | Found a sparkling altar of Nemelex Xobeh.
 10741 | D:10     | Entered Level 10 of the Dungeon
 10752 | D:10     | Reached skill level 5 in Axes
 11092 | D:10     | Reached skill level 11 in Stealth
 11432 | D:10     | Noticed an unseen horror
 11444 | D:10     | Killed an unseen horror
 11445 | D:10     | Reached XP level 11. HP: 94/103 MP: 11/11
 11779 | D:11     | Found a staircase to the Lair.
 11819 | D:11     | Noticed a five-headed hydra
 12123 | D:11     | HP: 1/103 [ten-headed hydra (12)]
 12123 | D:11     | Mangled by a ten-headed hydra

Illustrated notes

Levels and vault maps discovered:
D:1:      saegor_arrival_fortress, layout_loops_ring,
          dreamdust_ecumenical_altar_statues, minmay_ruptured
D:2:      layout_loops_ring
D:3:      layout_rooms, mainiacjoe_overflow_brackets, xom_redecorated,
          nicolae_ru_awakened_eye, minmay_checkerbox
D:4:      layout_loops_cross, serial_shops, nicolae_take_the_stairs,
          kennysheep_generic_room_10, uniq_blork_the_orc
D:5:      layout_basic
D:6:      layout_loops_corners, elyvilon_altar_5,
          minmay_temple_entry_statues_pillars, minivault_24
D:7:      layout_layer_cave, kennysheep_slug_shrine, general_overflow_altar,
          serial_shops, nicolae_shop_advertising_works
          [nicolae_subvault_shop_adworks], gammafunk_ghost_stat_death
D:8:      layout_loops_ring, old_standard_altar
D:9:      layout_loops_corners, nemelex_diamond_rough_becter,
          chequers_serial_rivers_micro_e, hangedman_decor_lopped, st_stairs_12,
          lemuel_flame_loot_1
D:10:     layout_basic
D:11:     layout_big_octagon, serial_glass, glass_columns_a, glass_columns_a
Temple:   dpeg_chambers_temple

Skill      XL: |  1  2  3  4  5  6  7  8  9 10 11 |
---------------+----------------------------------+-----
Stealth        | 1 2 3 4 5 7 9 11 | 11.6
Shields        | 3 4 5 6 7 |  7.5
Armour         | 3 4 5 6 |  6.9
Maces & Flails | 3 4 |  4.8
Fighting       | 4 5 6 7 8 |  8.2
Axes           | 1 4 5 6 |  6.0

Action                   |  1- 3 |  4- 6 |  7- 9 | 10-12 || total
-------------------------+-------+-------+-------+-------++-------
Melee: Flail             |   165 |   170 |       |       ||   335
       Morningstar       |       |    36 |    92 |     6 ||   134
       Broad axe         |       |       |   158 |   129 ||   287
 Abil: Spit Poison       |     1 |     3 |     1 |     1 ||     6
  Use: Scroll            |     1 |       |    20 |     5 ||    26
       Potion            |       |     1 |     1 |       ||     2
Armor: Scale mail        |    15 |       |       |       ||    15
       Plate armour      |   146 |   198 |   195 |   131 ||   670
Dodge: Dodged            |    38 |    54 |    76 |    57 ||   225
Block: Buckler           |    32 |    52 |    96 |   126 ||   306
       Reflection        |       |       |     4 |    10 ||    14

Table legend: (Time is in decaauts)
 A = Elapsed time spent in this place.
 B = Non-inter-level travel time spent in this place.
 C = Inter-level travel time spent in this place.
 D = Time resting spent in this place.
 E = Time spent auto-exploring this place.
 F = Levels seen in this place.
 G = Mean time per level.
                   A        B        C        D        E       F      G
               +--------+--------+--------+--------+--------+-----+--------+
         Total |  15000 |  14675 |    325 |   1277 |  11359 |  12 | 1250.0 |
       Dungeon |  14946 |  14625 |    321 |   1277 |  11335 |  11 | 1358.7 |
        Temple |     54 |     50 |      4 |      0 |     23 |   1 |   54.0 |
               +--------+--------+--------+--------+--------+-----+--------+

Top non-repeatable levels by time:
     D:9: 2029 daAuts
     D:7: 1760 daAuts
     D:4: 1724 daAuts
    D:10: 1539 daAuts
     D:2: 1529 daAuts
     D:1: 1422 daAuts
     D:3: 1419 daAuts
     D:5: 1295 daAuts
     D:6: 1146 daAuts
     D:8: 1000 daAuts
    D:11: 79 daAuts
  Temple: 54 daAuts
